AoeStats
← baldo1218

Lombardia

508506538Analyzed
3v3 RM · 9d ago on Sep 22, 2026· 56m 7s· 6 players
Game mode
Random Map
Map size
Normal (6 player)
Population
200
Speed
Normal
Resources
Standard
Victory
Conquest
Starting age
Dark Age
Ending age
Imperial Age
RankedLock teamsTeams togetherTeam positionsShared explorationLock speedFull tech treeHidden civsTurbo modeCheats
Victory
Defeat
🇦🇷 Franks · Argentina
1086
+12
🇦🇷 Vietnamese · Argentina
942
+25
🇦🇷 Celts · Argentina
927
+19
🇪🇸 Italians · Spain
1034
-18
🇳🇴 Cumans · Norway
1011
-17
🇦🇷 Bohemians · Argentina
930
-36
Kraken
6:04 Loom
9:39 Feudal Age
10:18 Double-Bit Axe
16:33 Castle Age
16:13 Scale Barding Armor
18:29 Wheelbarrow
17:57 Husbandry
20:23 Bow Saw
20:48 Forging
22:21 Gold Mining
24:08 Chain Barding Armor
25:06 Forging
30:59 Gold Shaft Mining
30:44 Hand Cart
30:14 Town Watch
33:30 Imperial Age
34:51 Iron Casting
34:38 Cavalier
36:28 Plate Barding Armor
36:53 Blast Furnace
36:01 Paladin
43:12 Treadmill Crane
43:53 Ballistics
44:34 Chemistry
43:31 Elite Skirmisher
44:37 Fletching
44:47 Padded Archer Armor
44:35 Imperial Skirmisher
45:17 Bodkin Arrow
47:36 Leather Archer Armor
50:25 Capped Ram
54:44 Conscription
baldo1218
8:05 Loom
11:51 Feudal Age
14:15 Loom
16:30 Castle Age
15:32 Wheelbarrow
17:19 Double-Bit Axe
17:21 Horse Collar
21:27 Bow Saw
25:51 Fletching
26:16 Scale Barding Armor
26:34 Thumb Ring
30:10 Stone Mining
30:17 Gold Mining
31:16 Stone Shaft Mining
31:35 Ballistics
31:01 Treadmill Crane
31:22 Bodkin Arrow
32:09 Devotion
33:11 Hand Cart
35:38 Imperial Age
36:39 Bracer
36:41 Padded Archer Armor
37:13 Paper Money
45:26 Leather Archer Armor
46:17 Chemistry
44:41 Elite Rattan Archer
AttaKE772136
8:03 Loom
12:04 Feudal Age
10:21 Loom
16:34 Castle Age
19:53 Gold Mining
20:05 Double-Bit Axe
23:16 Gold Shaft Mining
23:36 Bow Saw
28:03 Stone Mining
28:29 Scale Barding Armor
28:25 Scale Mail Armor
28:35 Forging
28:17 Fletching
27:54 Man-at-Arms
28:20 Gambesons
28:22 Arson
32:24 Stronghold
35:19 Imperial Age
33:00 Long Swordsman
33:01 Pikeman
40:09 Elite Woad Raider
41:16 Ballistics
41:57 Chemistry
44:21 Iron Casting
44:02 Chain Mail Armor
43:47 Padded Archer Armor
43:43 Bodkin Arrow
46:17 Blast Furnace
45:39 Chain Barding Armor
46:37 Onager
48:09 Siege Onager
espen25hansen
0:38 Loom
11:01 Feudal Age
19:38 Castle Age
18:14 Horse Collar
18:40 Double-Bit Axe
21:23 Wheelbarrow
24:09 Forging
23:59 Scale Mail Armor
24:03 Pikeman
25:44 Squires
27:09 Bow Saw
31:47 Iron Casting
31:28 Chain Mail Armor
33:20 Hand Cart
32:52 Town Watch
33:34 Gold Mining
36:40 Imperial Age
35:44 Arson
36:32 Heavy Plow
38:51 Gold Shaft Mining
38:52 Halberdier
41:07 Plate Mail Armor
41:37 Blast Furnace
Manolo el Cucarachas
2:59 Loom
12:38 Feudal Age
13:34 Horse Collar
13:40 Double-Bit Axe
21:01 Castle Age
19:47 Stone Mining
19:48 Gold Mining
22:24 Stone Shaft Mining
22:07 Bow Saw
23:11 Forging
23:14 Heavy Plow
23:01 Pikeman
25:05 Iron Casting
25:53 Thumb Ring
26:58 Fletching
27:32 Squires
27:58 Ballistics
27:49 Fortified Wall
28:26 Padded Archer Armor
28:22 Bodkin Arrow
29:52 Wheelbarrow
30:23 Leather Archer Armor
32:04 Masonry
36:18 Imperial Age
34:00 Scale Mail Armor
35:12 Chain Mail Armor
37:31 Bracer
37:54 Conscription
38:44 Elite Genoese Crossbowman
40:51 Ring Archer Armor
41:52 Chemistry
44:51 Plate Mail Armor
45:22 Blast Furnace
44:55 Murder Holes
46:59 Blast Furnace
Diego21301
7:59 Loom
10:54 Feudal Age
21:27 Castle Age
19:35 Double-Bit Axe
19:37 Horse Collar
34:07 Bow Saw
35:34 Pikeman
37:23 Wheelbarrow
38:52 Padded Archer Armor
38:54 Scale Mail Armor
Connection lost

Rejoining the realm…

Still unreachable

The connection could not be restored.

Session expired

The server has moved on; the page needs a fresh start.